 Dungeon Crawl Stone Soup version 0.22-a0-750-ga7dcef7 (webtiles) character file.

11393 Amnesiac the Fighter (level 11, -2/87 HPs)
             Began as a Mummy Wizard on July 15, 2018.
             Was a Believer of Vehumet.
             Killed from afar by an ice statue (28 damage)
             ... with a shard of ice
             ... in an ice cave.
             The game lasted 00:27:35 (15549 turns).

Amnesiac the Fighter (Mummy Wizard)                Turns: 15549, Time: 00:27:36

Health: -2/87      AC:  6    Str: 13    XL:     11   Next: 48%
Magic:  8/23       EV: 20    Int: 27    God:    Vehumet [**....]
Gold:   784        SH:  0    Dex: 10    Spells: 1/26 levels left

rFire    x . .     SeeInvis .   a - +3 hunting sling
rCold    + . .     Gourm    .   (no shield)
rNeg     + + +     Faith    .   B - +1 robe {rC+}
rPois    ∞         Spirit   .   g - +0 helmet
rElec    .         Reflect  .   u - +0 cloak {+Inv}
rCorr    .         Harm     .   A - +0 pair of gloves
MR       +....                  (no boots)
Stlth    ++........             (no amulet)
HPRegen  0.24/turn              q - ring of Jesux {rPois rC- EV+5 Str+3 Int+5}
MPRegen  0.18/turn              l - ring of wizardry

@: no status effects
A: no food or potions, fire vulnerability, cold resistance 1, negative energy
resistance 3, torment resistance, unbreathing
a: Renounce Religion, Evoke Invisibility


You were in an ice cave.
You worshipped Vehumet.
Vehumet was pleased with you.
You were not hungry.

You visited 2 branches of the dungeon, and saw 12 of its levels.
You also visited: Sewer and Ice Cave.

You collected 784 gold pieces.

Inventory:

Hand Weapons
 a - a +3 hunting sling (weapon)
 b - a +0 dagger of venom
 e - a +0 blowgun
Missiles
 f - 203 stones
 i - 44 poisoned needles
 E - 2 sling bullets (quivered)
Armour
 g - a +0 helmet (worn)
 j - a +1 ring mail
 u - a +0 cloak of invisibility (worn)
 A - a +0 pair of gloves (worn)
 B - a +1 robe of cold resistance (worn)
Magical Staves
 D - an uncursed staff of cold
Jewellery
 k - an uncursed ring of protection from magic
 l - a ring of wizardry (right hand)
 n - an uncursed ring of protection from fire
 q - the ring of Jesux (left hand) {rPois rC- EV+5 Str+3 Int+5}
   (You found it on level 6 of the Dungeon)

   [ring of evasion]

   It affects your evasion (+5).
   It affects your strength (+3).
   It affects your intelligence (+5).
   It makes you vulnerable to cold.
   It protects you from poison.
 F - an uncursed ring of ice
Wands
 h - a wand of acid (1)
 r - a wand of disintegration (11)
 s - a wand of scattershot (3)
 v - a wand of clouds (2)
 y - a wand of enslavement (7)
 z - a wand of iceblast (6)
Scrolls
 c - a scroll of amnesia {!r}
 d - 11 scrolls of remove curse {!r}
 m - 2 scrolls of enchant armour {!r}
 o - 2 scrolls of teleportation {!r}
 p - 3 scrolls of identify {!r}
 t - 2 scrolls of fog {!r}
 w - a scroll of silence {!r}
 x - a scroll of magic mapping {!r}


   Skills:
 - Level 8.5 Fighting
 - Level 8.0 Dodging
 - Level 1.5 Stealth
 + Level 8.2 Spellcasting
 * Level 8.2 Conjurations
 - Level 0.7 Summonings
 + Level 7.2 Necromancy
 - Level 0.7 Translocations


You had one spell level left.
You knew the following spells:

 Your Spells              Type           Power        Failure   Level  Hunger
a - Bolt of Draining      Conj/Necr      ######....   2%          5    N/A
b - Call Imp              Summ           ##......     2%          2    N/A
c - Vampiric Draining     Necr           ######....   1%          3    N/A
d - Dispel Undead         Necr           ######..     3%          5    N/A
e - Mephitic Cloud        Conj/Pois/Air  ####....     1%          3    N/A
f - Throw Flame           Conj/Fire      ####..       1%          2    N/A
s - Conjure Flame         Conj/Fire      ####....     1%          3    N/A
v - Blink                 Tloc           N/A          2%          2    N/A

Your spell library contained the following spells:

 Spells                   Type           Power        Failure   Level  Hunger
 Cause Fear               Hex            ##........   21%         4    N/A
 Magic Dart               Conj           ####         1%          1    N/A
 Slow                     Hex            ##......     3%          2    N/A
 Pain                     Necr           ####         1%          1    N/A
 Animate Skeleton         Necr           N/A          1%          1    N/A
 Corpse Rot               Necr           N/A          1%          2    N/A
 Death Channel            Necr           ######....   16%         6    N/A
 Deflect Missiles         Chrm/Air       ##........   95%         6    N/A
 Silence                  Hex/Air        ##........   47%         5    N/A
 Simulacrum               Ice/Necr       ####......   56%         6    N/A
 Discord                  Hex            ##........   100%        8    N/A
 Yara's Violent Unravell  Hex/Tmut       ##........   47%         5    N/A
 Borgnjor's Vile Clutch   Necr/Erth      ####......   13%         5    N/A

Dungeon Overview and Level Annotations

Branches:
Dungeon (11/15)            Temple (1/1) D:7            Lair (0/6) D:9
    Orc (0/2) D:9

Altars:
Ashenzari
Cheibriados
Dithmenos
Elyvilon
Fedhas
Gozag
Hepliaklqana
Kikubaaqudgha
Makhleb
Nemelex Xobeh
Okawaru
Qazlal
Ru
Sif Muna
Trog
Uskayaw
Vehumet
Wu Jian
Xom
Yredelemnul
Zin
The Shining One

Shops:
D:7 :

Annotations:
IceCv exclusion: ice statue


Innate Abilities, Weirdness & Mutations

You do not eat or drink.
Your flesh is vulnerable to fire.
You are immune to poison.
Your flesh is cold resistant. (rC+)
You are immune to negative energy. (rN+++)
You are immune to unholy pain and torment.
You can survive without breathing.


Message History

You hear a sizzling sound!
You are engulfed in freezing vapours.
You resist. The ice statue gestures at you. The shard of ice hits you!
You partially resist.
Casting: Throw Flame (safe; 1% risk of failure)
Confirm with . or Enter, or press ? or * to list all spells.
Aiming: Throw Flame (safe; 1% risk of failure)
Press: ? - help, Shift-Dir - straight line, f/p - ice statue
Aim: an ice statue (almost destroyed)
The puff of flame hits the ice statue.
The ice statue appears unharmed.
The ice statue is almost destroyed.
You are engulfed in freezing vapours.
You resist.
The ice statue gestures.
Casting: Throw Flame (safe; 1% risk of failure)
Confirm with . or Enter, or press ? or * to list all spells.
Aiming: Throw Flame (safe; 1% risk of failure)
Press: ? - help, Shift-Dir - straight line, f/p - ice statue
Aim: an ice statue (almost destroyed)
The puff of flame hits the ice statue.
The ice statue appears unharmed.
The ice statue is almost destroyed.
You are engulfed in freezing vapours.
You resist.
* * * LOW HITPOINT WARNING * * *
The ice beast hits you.
* * * LOW HITPOINT WARNING * * *
The ice beast freezes you. You resist.
* * * LOW HITPOINT WARNING * * *
Casting: Throw Flame (safe; 1% risk of failure)
Confirm with . or Enter, or press ? or * to list all spells.
Aiming: Throw Flame (safe; 1% risk of failure)
Press: ? - help, Shift-Dir - straight line, f/p - ice statue
Aim: an ice statue (almost destroyed)
The puff of flame hits the ice statue.
The ice statue appears unharmed.
The ice statue is almost destroyed.
You are engulfed in freezing vapours.
You resist.
* * * LOW HITPOINT WARNING * * *
The ice statue gestures.
The ice beast closely misses you.
Casting: Throw Flame (safe; 1% risk of failure)
Confirm with . or Enter, or press ? or * to list all spells.
Aiming: Throw Flame (safe; 1% risk of failure)
Press: ? - help, Shift-Dir - straight line, f/p - ice statue
Aim: an ice statue (almost destroyed)
The puff of flame hits the ice statue.
The ice statue appears unharmed.
The ice statue is almost destroyed.
The ice beast hits you but does no damage.
The ice beast barely misses you.
Casting: Throw Flame (safe; 1% risk of failure)
Confirm with . or Enter, or press ? or * to list all spells.
Aiming: Throw Flame (safe; 1% risk of failure)
Press: ? - help, Shift-Dir - straight line, f/p - ice statue
Aim: an ice statue (almost destroyed)
The puff of flame hits the ice statue.
The ice statue appears unharmed.
The ice statue is almost destroyed.
The ice beast closely misses you. The ice beast barely misses you.
Casting: Throw Flame (safe; 1% risk of failure)
Confirm with . or Enter, or press ? or * to list all spells.
Aiming: Throw Flame (safe; 1% risk of failure)
Press: ? - help, Shift-Dir - straight line, f/p - ice statue
Aim: an ice statue (almost destroyed)
The puff of flame hits the ice statue.
The ice statue appears unharmed.
The ice statue is almost destroyed.
The ice statue gestures at you. The shard of ice hits you!
You partially resist.
You die...

#..# ##.....## ##.##
##.......# #### #.#.#
#.(.(....# ##).######.##
##..(.....#
#....##....####.........#
..........###.............
.∩.∩.......#..............#
.......##....##.YY.......##
#....#####..####@........#
##..## #### #8........##
#### ##........ ##......#
#..(.## #..## ###


You could see an ice statue and 2 ice beasts.

Vanquished Creatures
  Fannar (D:11)
  3 two-headed ogres
  Pikel (Temple)
  A centaur zombie (D:10)
  Maurice (D:8)
  An ice statue (IceCv)
  A centaur skeleton (D:11)
  A gargoyle (D:9)
  2 rime drakes (IceCv)
  3 yaks (D:9)
  2 wyverns
  A hungry ghost (D:9)
  A two-headed ogre zombie (D:10)
  An acid dragon (D:11)
  A water moccasin (D:10)
  A manticore zombie (D:9)
  A sky beast (D:6)
  4 orc warriors
  15 ice beasts
  A slave (Temple)
  An eye of draining (D:10)
  2 black bears
  A phantom (D:7)
  4 ogres
  2 rime drake zombies (IceCv)
  2 centaurs (D:5)
  A crocodile (Sewer)
  2 big kobolds
  8 bullfrogs
  A water moccasin zombie (D:10)
  A cyclops skeleton (D:10)
  A wyvern skeleton (D:6)
  A scorpion (D:4)
  A troll zombie (D:9)
  A tengu zombie (D:9)
  6 killer bees
  5 wights (D:10)
  A troll skeleton (D:9)
  2 howler monkeys (D:5)
  An electric eel (D:6)
  2 crimson imps
  A quasit (Temple)
  2 bullfrog zombies
  A bullfrog skeleton (D:6)
  A jelly (D:10)
  7 orc priests
  3 hounds
  4 iguanas
  7 orc wizards
  7 worker ants
  A hound zombie (D:8)
  2 hound skeletons
  A worker ant zombie (D:9)
  Robin (D:3)
  A scorpion zombie (D:11)
  8 adders
  7 gnolls
  2 orc skeletons
  2 oozes
  2 adder zombies (D:9)
  2 iguana zombies
  3 adder skeletons
  2 worms
  3 dart slugs
  9 leopard geckos
  29 orcs
  A ball python (D:1)
  14 bats
  2 bat zombies (D:3)
  8 giant cockroaches
  16 goblins
  11 hobgoblins
  21 jackals
  17 kobolds
  4 quokkas
  7 frilled lizards
  A frilled lizard zombie (D:9)
  3 goblin zombies
  2 hobgoblin skeletons (D:8)
  A jackal skeleton (D:9)
  2 kobold skeletons
  A leopard gecko skeleton (D:8)
  6 orc zombies
  2 quokka skeletons (D:5)
  2 quokka zombies
  9 rats
  2 rat zombies
329 creatures vanquished.

Vanquished Creatures (collateral kills)
  An ice beast (D:5)
  A crimson imp (Temple)
2 creatures vanquished.

Vanquished Creatures (others)
  An ogre (D:9)
  An orc (D:7)
  A leopard gecko zombie (D:6)
3 creatures vanquished.

Grand Total: 334 creatures vanquished

Notes
Turn   | Place    | Note
-------+----------+-------------------------------------------
     0 | D:1      | Amnesiac the Mummy Wizard began the quest for the Orb.
     0 | D:1      | Reached XP level 1. HP: 13/13 MP: 5/5
    88 | D:1      | Reached skill level 1 in Conjurations
   348 | D:1      | Reached XP level 2. HP: 3/19 MP: 0/7
   352 | D:1      | Learned a level 2 spell: Call Imp
   977 | D:1      | Reached XP level 3. HP: 10/24 MP: 0/8
   998 | D:1      | HP: 1/24 [hobgoblin (5)]
  2144 | D:2      | Reached XP level 4. HP: 30/30 MP: 10/10
  2167 | D:2      | Learned a level 3 spell: Conjure Flame
  2171 | D:2      | Learned a level 3 spell: Mephitic Cloud
  2189 | D:2      | Learned a level 2 spell: Blink
  3077 | D:3      | Reached XP level 5. HP: 19/35 MP: 11/11
  3432 | D:3      | Found an ancient bone altar of Kikubaaqudgha.
  3445 | D:3      | Became a worshipper of Kikubaaqudgha
  3727 | D:4      | Noticed Robin
  3748 | D:3      | Killed Robin
  4122 | D:4      | Reached XP level 6. HP: 41/41 MP: 12/12
  4384 | D:4      | Reached skill level 1 in Necromancy
  4760 | D:5      | Entered Level 5 of the Dungeon
  5084 | D:5      | Noticed an ice beast
  5101 | D:5      | Killed an ice beast
  5111 | D:5      | Reached XP level 7. HP: 46/46 MP: 11/13
  5139 | D:5      | Reached * piety under Kikubaaqudgha
  5139 | D:5      | Identified Kikubaaqudgha's Collected Works on Darkness (Kikubaaqudgha gifted it to you on level 5 of the Dungeon)
  5139 | D:5      | Received a gift from Kikubaaqudgha
  5139 | D:5      | Reached skill level 1 in Fighting
  5350 | D:5      | Learned a level 3 spell: Vampiric Draining
  6326 | D:6      | Found a glowing drain.
  6330 | Sewer    | Entered a sewer
  6579 | D:6      | Reached XP level 8. HP: 13/61 MP: 11/14
  6840 | D:6      | Reached ** piety under Kikubaaqudgha
  6949 | D:6      | Reached skill level 5 in Fighting
  6949 | D:6      | Reached skill level 5 in Dodging
  7695 | D:6      | Got a heavily runed pewter ring
  7877 | D:7      | Found Hekhlaf's Book Emporium.
  7924 | D:6      | Reached XP level 9. HP: 62/69 MP: 12/15
  8251 | D:7      | Noticed Pikel
  8259 | D:7      | Found a staircase to the Ecumenical Temple.
  8265 | Temple   | Entered the Ecumenical Temple
  8529 | Temple   | Killed Pikel
  9590 | D:8      | Noticed Maurice
  9616 | D:8      | Killed Maurice
  9794 | D:8      | Reached *** piety under Kikubaaqudgha
  9794 | D:8      | Identified Kikubaaqudgha's Disquisition on Darkness (Kikubaaqudgha gifted it to you on level 8 of the Dungeon)
  9794 | D:8      | Received a gift from Kikubaaqudgha
  9931 | Temple   | Fell from the grace of Kikubaaqudgha
  9931 | Temple   | Became a worshipper of Vehumet
 10312 | D:8      | Identified the ring of Jesux {rPois rC- EV+5 Str+3 Int+5} (You found it on level 6 of the Dungeon)
 10757 | D:8      | Reached XP level 10. HP: 80/82 MP: 16/16
 11093 | D:9      | Noticed a gargoyle
 11146 | D:9      | Killed a gargoyle
 11198 | D:9      | Found a white marble altar of Elyvilon.
 11380 | D:9      | Found a staircase to the Lair.
 11414 | D:9      | Reached skill level 5 in Spellcasting
 11428 | D:9      | Reached skill level 5 in Conjurations
 11555 | D:9      | Reached * piety under Vehumet
 11555 | D:9      | Offered knowledge of Shock by Vehumet.
 11563 | D:9      | Learned a level 5 spell: Bolt of Draining
 11580 | D:9      | Reached skill level 5 in Necromancy
 11817 | D:9      | Noticed a two-headed ogre
 11842 | D:9      | Killed a two-headed ogre
 11996 | D:9      | Found a staircase to the Orcish Mines.
 12119 | D:10     | Entered Level 10 of the Dungeon
 12532 | D:10     | Noticed a two-headed ogre
 12547 | D:10     | Killed a two-headed ogre
 12554 | D:10     | Noticed a reaper
 13498 | D:10     | Reached XP level 11. HP: 87/87 MP: 21/21
 13539 | D:10     | Learned a level 5 spell: Dispel Undead
 13679 | D:11     | Found a frozen archway.
 13692 | D:11     | Noticed a two-headed ogre
 13731 | D:11     | Killed a two-headed ogre
 13762 | D:11     | Reached ** piety under Vehumet
 13769 | D:11     | Noticed Fannar
 13779 | D:11     | Killed Fannar
 13779 | D:11     | Offered knowledge of Throw Flame by Vehumet.
 13831 | D:11     | Noticed a white ugly thing
 13834 | IceCv    | Entered an ice cave
 14088 | IceCv    | Was forgiven by Kikubaaqudgha
 14262 | IceCv    | Learned a level 2 spell: Throw Flame
 15549 | IceCv    | Killed from afar by an ice statue

Vault maps used:
D:1:      minmay_arrival_radiant_lines
D:2:      first_ration
D:3:      lemuel_zombie_altar_kikubaaqudgha
D:4:      uniq_robin
D:6:      gup_sewer_entry_spiral, hangedman_abyss_or_decor_passed,
          serial_bayou_pond_b
D:7:      minmay_temple_entry_hall, serial_shops, shop_statue, serial_glass,
          glass_columns_b, glass_columns_b, mrwooster_statue_mirror,
          hangedman_abyss_or_decor_slice, uniq_pikel
D:8:      uniq_maurice
D:9:      dpeg_oklobed_lair, basic_altar
D:11:     portal_ice_cave_entry_pillars_1, uniq_fannar
Temple:   nicolae_temple_the_god_donut
Sewer:    sewer_the_crocodile
IceCv:    ice_cave_small_dragons

Skill      XL: |  1  2  3  4  5  6  7  8  9 10 11 |
---------------+----------------------------------+-----
Conjurations   | 1 2 3 4 6 8 |  8.2
Dodging        | 2 3 4 6 8 |  8.0
Necromancy     | 2 4 6 7 |  7.2
Fighting       | 4 6 8 |  8.5
Spellcasting   | 6 8 |  8.2
Stealth        | |  1.5
Summonings     | |  0.7
Translocations | |  0.7

Action                   |  1- 3 |  4- 6 |  7- 9 | 10-12 || total
-------------------------+-------+-------+-------+-------++-------
Melee: Mace              |    43 |       |       |       ||    43
 Fire: Hunting sling     |    79 |   305 |   660 |   449 ||  1493
 Cast: Magic Dart        |    58 |       |       |       ||    58
       Mephitic Cloud    |       |     7 |    34 |    16 ||    57
       Call Imp          |       |     1 |     4 |     7 ||    12
       Blink             |       |       |     3 |     4 ||     7
       Vampiric Draining |       |       |     2 |       ||     2
       Conjure Flame     |       |       |     6 |     9 ||    15
       Bolt of Draining  |       |       |       |    27 ||    27
       Throw Flame       |       |       |       |    77 ||    77
       Dispel Undead     |       |       |       |     7 ||     7
Evoke: Wand              |       |       |     1 |    21 ||    22
  Use: Scroll            |     5 |     7 |     6 |     3 ||    21
Armor: Robe              |    25 |       |       |    15 ||    40
       Ring mail         |    34 |    80 |   167 |    70 ||   351
Dodge: Dodged            |   108 |    95 |   355 |   324 ||   882

Table legend:
 A = Spawn XP
 B = Non-spawn XP
 C = Spawn XP percentage of total XP
 D = Spawn monster count
 E = Non-spawn monster count
 F = Spawn count percentage of total count
 G = Total turns spent on level
                    A         B        C        D         E        F      G
               +---------+---------+-------+---------+---------+-------+---------
         Total |       0 |   16276 |   0.0 |       0 |     293 |   0.0 | 15549
               +---------+---------+-------+---------+---------+-------+---------
           D:1 |       0 |      57 |   0.0 |       0 |      30 |   0.0 |  1846
           D:2 |       0 |      94 |   0.0 |       0 |      34 |   0.0 |   737
           D:3 |       0 |     105 |   0.0 |       0 |      23 |   0.0 |   970
           D:4 |       0 |     205 |   0.0 |       0 |      20 |   0.0 |  1253
           D:5 |       0 |     754 |   0.0 |       0 |      26 |   0.0 |  1459
           D:6 |       0 |    1477 |   0.0 |       0 |      36 |   0.0 |  1541
           D:7 |       0 |     379 |   0.0 |       0 |      11 |   0.0 |  1014
           D:8 |       0 |    1600 |   0.0 |       0 |      28 |   0.0 |  1567
           D:9 |       0 |    2759 |   0.0 |       0 |      22 |   0.0 |  1531
          D:10 |       0 |    2560 |   0.0 |       0 |      31 |   0.0 |  1023
          D:11 |       0 |    2641 |   0.0 |       0 |       7 |   0.0 |   272
        Temple |       0 |     887 |   0.0 |       0 |       5 |   0.0 |   452
         Sewer |       0 |     115 |   0.0 |       0 |       6 |   0.0 |   169
         IceCv |       0 |    2643 |   0.0 |       0 |      14 |   0.0 |  1715
               +---------+---------+-------+---------+---------+-------+---------
